 Dungeon Crawl Stone Soup version 0.21-a0-522-ga8338f0 (webtiles) character file.

7972 Dawnplanks the Blocker (level 11, -37/89 HPs)
             Began as a Gnoll Fighter on Dec 6, 2017.
             Was an Initiate of Ru.
             Annihilated by an orc warlord
             ... wielding a +0 battleaxe of holy wrath
              (46 damage)
             ... on level 1 of the Orcish Mines.
             The game lasted 00:34:10 (13775 turns).

Dawnplanks the Blocker (Gnoll Fighter)             Turns: 13775, Time: 00:34:11

Health: -37/89     AC: 18    Str: 27    XL:     11   Next: 23%
Magic:  20/20      EV: 11    Int: 11    God:    Ru [......]
Gold:   501        SH: 12    Dex: 14    Spells: 19/22 levels left

rFire    + . .     SeeInvis .   C - +1 flail (crush)
rCold    + . .     Gourm    .   c - +0 shield
rNeg     . . .     Faith    .   D - +2 chain mail {MR+}
rPois    .         Spirit   .   F - +0 helmet
rElec    .         Reflect  .   P - scarf {rC+ rF+}
rCorr    +         Harm     .   (no gloves)
MR       +....                  M - +2 pair of boots {run}
Stlth    ..........             r - amulet of magic regeneration
HPRegen  0.24/turn              l - ring of resist corrosion
MPRegen  0.42/turn              (no ring)

@: mighty, quick
A: distributed training, fangs 1, no potion heal 1, strong nose
a: Renounce Religion


You were on level 1 of the Orcish Mines.
You worshipped Ru.
Ru was noncommittal.
You were very hungry.

You visited 4 branches of the dungeon, and saw 13 of its levels.
You also visited: Sewer.

You collected 501 gold pieces.

Inventory:

Hand Weapons
 a - a +0 war axe
 j - a +1 whip of venom
 C - a +1 flail of crushing (weapon)
 J - a +1 morningstar of holy wrath
 O - a +1 shortbow of freezing
Missiles
 T - 48 arrows
Armour
 c - a +0 shield (worn)
 D - a +2 chain mail of magic resistance (worn)
 F - a +0 helmet (worn)
 M - a +2 pair of boots of running (worn)
 P - a scarf of resistance (worn)
Jewellery
 l - a ring of resist corrosion (left hand)
 n - an uncursed ring of fire
 r - an amulet of magic regeneration (around neck)
Wands
 B - a wand of acid (6)
 K - a wand of paralysis (11)
 Q - a wand of iceblast (5)
 S - a wand of disintegration (18)
 U - a wand of scattershot (7)
Scrolls
 e - 2 scrolls of magic mapping {unknown}
 i - 4 scrolls of teleportation {unknown}
 o - 4 scrolls of remove curse {unknown}
 p - 3 scrolls of enchant armour {unknown}
 q - a scroll of immolation {unknown}
 t - a scroll of noise {unknown}
 x - a scroll of identify
 y - 5 scrolls of fear {unknown}
 A - a scroll of fog {unknown}
 E - a scroll of amnesia {unknown}
 L - a scroll of vulnerability
 N - 2 scrolls of blinking {unknown}
 R - a scroll of holy word {unknown}
Potions
 b - a potion of ambrosia
 d - 2 potions of might
 g - 3 potions of degeneration
 h - 5 potions of brilliance
 k - 6 potions of curing
 m - a potion of invisibility
 s - 3 potions of flight
 v - a potion of resistance
 w - 2 potions of heal wounds
 z - 2 potions of haste
 G - 2 potions of agility
 H - 2 potions of cancellation
Books
 V - a book of Flames

   Spells                             Type                      Level
   a - Flame Tongue                   Conjuration/Fire             1
   b - Throw Flame                    Conjuration/Fire             2
   c - Conjure Flame                  Conjuration/Fire             3
   d - Inner Flame                    Hexes/Fire                   3
   e - Sticky Flame                   Conjuration/Fire             4
   f - Fireball                       Conjuration/Fire             5
Comestibles
 f - 2 bread rations


   Skills:
 + Level 9.0 Fighting
 + Level 6.0 Short Blades
 + Level 6.0 Long Blades
 + Level 7.6 Axes
 + Level 6.0 Maces & Flails
 + Level 6.0 Polearms
 + Level 6.0 Staves
 + Level 6.0 Slings
 + Level 6.0 Bows
 + Level 6.0 Crossbows
 + Level 6.0 Throwing
 + Level 9.0 Armour
 + Level 6.0 Dodging
 + Level 6.0 Stealth
 + Level 9.0 Shields
 + Level 6.0 Unarmed Combat
 + Level 6.0 Spellcasting
 + Level 4.9 Conjurations
 + Level 4.9 Hexes
 + Level 4.9 Charms
 + Level 4.9 Summonings
 + Level 4.9 Necromancy
 + Level 4.9 Translocations
 + Level 4.9 Transmutations
 + Level 4.9 Fire Magic
 + Level 4.9 Ice Magic
 + Level 4.9 Air Magic
 + Level 4.9 Earth Magic
 + Level 4.9 Poison Magic
 + Level 6.5 Invocations
 + Level 6.0 Evocations


You had 19 spell levels left.
You knew the following spells:

 Your Spells              Type           Power        Failure   Level  Hunger
a - Conjure Flame         Conj/Fire      ##......     58%         3    ###....


Dungeon Overview and Level Annotations

Branches:
Dungeon (9/15)             Temple (1/1) D:6            Lair (1/6) D:8
    Orc (2/2) D:9
    Elf: Orc:2

Altars:
Cheibriados
Dithmenos
Hepliaklqana
Kikubaaqudgha
Okawaru
Ru
Trog
Vehumet
Wu Jian
Xom
The Shining One

Shops:
D:4 :   Orc:2 =


Innate Abilities, Weirdness & Mutations

Your experience applies equally to all skills.
You have very sharp teeth.
Potions are less effective at restoring your health.
Your uncanny sense of smell can sniff out nearby items.


Message History

You block the troll's attack. The troll claws you but does no damage.
You block the troll's attack.
You bludgeon the orc warlord!!
The orc warlord is moderately wounded.
The orc warlord hits you with a battleaxe of holy wrath!!!
* * * LOW HITPOINT WARNING * * *
The troll bites you but does no damage. You block the troll's attack.
The troll claws you but does no damage.
You sock the orc warlord!
The orc warlord is heavily wounded.
The troll closely misses you.
The troll claws you but does no damage. x2
The orc warlord hits you but does no damage.
The troll bites you but does no damage. The troll claws you but does no damage.
The troll claws you.
* * * LOW HITPOINT WARNING * * *
You sock the orc warlord! You bite the orc warlord!
The orc warlord is severely wounded.
The orc warlord hits you with a battleaxe of holy wrath!!!
Ouch! That really hurt!
You die...

#.#....###....####
###....##........#
##.##.#...#....#
###....#.###..###
#....#### #....#
###......###...)#
##..#.....#...#.##
##....##......####
##.@o..##.....##
#..T[.......#..###
####...........#....##
##....###.....####....##
#....######...## ##...#.
###....###.....###.....#
###..#.#..)..#.#....##
#.........<).....###
##.......###...#.#


You could see an orc warlord and a troll.

Vanquished Creatures
  Erica (Orc:1)
  4 two-headed ogres
  A deep elf mage (D:9)
  A black mamba (Lair:1)
  A komodo dragon (D:8)
  A hippogriff (D:9)
  A hungry ghost (D:8)
  A steam dragon (D:9)
  Menkaure (D:7)
  A warg (D:9)
  A porcupine (Lair:1)
  An ice beast (D:4)
  2 orc warriors
  A necrophage (D:8)
  A phantom (D:7)
  2 ogres
  2 centaurs
  A crocodile (Lair:1)
  4 big kobolds
  A bullfrog (D:7)
  A scorpion (D:8)
  2 water moccasin skeletons
  10 killer bees
  4 wights (D:8)
  2 crimson imps
  3 hounds
  A jelly (D:7)
  4 orc priests
  A centaur skeleton (D:5)
  Jessica (D:3)
  3 iguanas
  9 orc wizards
  3 worker ants
  A hound skeleton (D:4)
  3 gnolls (D:4)
  11 adders
  2 river rats (Sewer)
  2 shadow imps
  2 oozes
  2 adder zombies
  6 worms
  A dart slug (D:1)
  2 leopard geckos
  31 orcs
  4 ball pythons (Sewer)
  A bat (D:2)
  3 giant cockroaches
  4 goblins
  7 hobgoblins
  5 jackals
  23 kobolds
  5 quokkas
  4 frilled lizards
  A quokka skeleton (D:6)
  4 quokka zombies
  6 rats
203 creatures vanquished.

Vanquished Creatures (others)
  A sky beast (D:9)
  17 plants (D:8)
18 creatures vanquished.

Grand Total: 221 creatures vanquished

Notes
Turn   | Place    | Note
-------+----------+-------------------------------------------
     0 | D:1      | Dawnplanks the Gnoll Fighter began the quest for the Orb.
     0 | D:1      | Reached XP level 1. HP: 23/23 MP: 1/1
   110 | D:1      | Reached XP level 2. HP: 21/29 MP: 2/2
   889 | D:2      | Reached XP level 3. HP: 35/35 MP: 3/3
  1638 | D:3      | Reached skill level 1 in Invocations
  1656 | D:3      | Reached skill level 1 in Short Blades
  1656 | D:3      | Reached skill level 1 in Long Blades
  1656 | D:3      | Reached skill level 1 in Maces & Flails
  1656 | D:3      | Reached skill level 1 in Polearms
  1656 | D:3      | Reached skill level 1 in Staves
  1656 | D:3      | Reached skill level 1 in Slings
  1656 | D:3      | Reached skill level 1 in Bows
  1656 | D:3      | Reached skill level 1 in Crossbows
  1656 | D:3      | Reached skill level 1 in Throwing
  1656 | D:3      | Reached skill level 1 in Dodging
  1656 | D:3      | Reached skill level 1 in Stealth
  1656 | D:3      | Reached skill level 1 in Unarmed Combat
  1656 | D:3      | Reached skill level 1 in Spellcasting
  1656 | D:3      | Reached skill level 1 in Evocations
  1656 | D:3      | Reached XP level 4. HP: 36/41 MP: 5/5
  1662 | D:3      | Reached skill level 1 in Conjurations
  1662 | D:3      | Reached skill level 1 in Hexes
  1662 | D:3      | Reached skill level 1 in Charms
  1662 | D:3      | Reached skill level 1 in Summonings
  1662 | D:3      | Reached skill level 1 in Necromancy
  1662 | D:3      | Reached skill level 1 in Translocations
  1662 | D:3      | Reached skill level 1 in Transmutations
  1662 | D:3      | Reached skill level 1 in Fire Magic
  1662 | D:3      | Reached skill level 1 in Ice Magic
  1662 | D:3      | Reached skill level 1 in Air Magic
  1662 | D:3      | Reached skill level 1 in Earth Magic
  1662 | D:3      | Reached skill level 1 in Poison Magic
  1701 | D:3      | Reached XP level 5. HP: 15/47 MP: 6/6
  2580 | D:3      | Noticed Jessica
  2587 | D:3      | Killed Jessica
  2833 | D:4      | Found an ancient bone altar of Kikubaaqudgha.
  2955 | D:4      | Reached XP level 6. HP: 45/53 MP: 8/8
  3232 | D:4      | Found Dacluut's Book Boutique.
  3643 | D:5      | Entered Level 5 of the Dungeon
  3660 | D:5      | Found a glowing drain.
  3682 | Sewer    | Entered a sewer
  3835 | Sewer    | Reached skill level 5 in Axes
  3902 | Sewer    | Reached XP level 7. HP: 41/59 MP: 10/10
  4498 | D:4      | HP: 2/59 [ice beast (13)]
  5776 | D:6      | Found a staircase to the Ecumenical Temple.
  5882 | Temple   | Entered the Ecumenical Temple
  5890 | Temple   | Became a worshipper of Ru the Awakened
  6232 | D:7      | Reached XP level 8. HP: 65/67 MP: 12/12
  6402 | D:7      | Noticed Menkaure
  6414 | D:7      | Killed Menkaure
  6632 | D:7      | Identified a +2 pair of boots of running (You found it on level 7 of the Dungeon)
  7315 | D:8      | Found a staircase to the Lair.
  7316 | D:8      | Noticed a komodo dragon
  7480 | D:8      | Reached XP level 9. HP: 69/72 MP: 14/14
  7749 | D:8      | Noticed a two-headed ogre
  8027 | D:8      | Gained mutation: Potions are less effective at restoring your health. [Ru sacrifice]
  8752 | D:8      | Killed a two-headed ogre
  8794 | D:8      | Reached skill level 5 in Invocations
  8993 | D:8      | Killed a komodo dragon
  9835 | D:9      | Reached XP level 10. HP: 45/80 MP: 17/17
 10173 | D:9      | Found a staircase to the Orcish Mines.
 10381 | D:9      | Noticed a two-headed ogre
 10387 | D:9      | Learned a level 3 spell: Conjure Flame
 10662 | D:8      | Killed a two-headed ogre
 10662 | D:8      | Reached skill level 5 in Short Blades
 10662 | D:8      | Reached skill level 5 in Long Blades
 10662 | D:8      | Reached skill level 5 in Maces & Flails
 10662 | D:8      | Reached skill level 5 in Polearms
 10662 | D:8      | Reached skill level 5 in Staves
 10662 | D:8      | Reached skill level 5 in Slings
 10662 | D:8      | Reached skill level 5 in Bows
 10662 | D:8      | Reached skill level 5 in Crossbows
 10662 | D:8      | Reached skill level 5 in Throwing
 10662 | D:8      | Reached skill level 5 in Dodging
 10662 | D:8      | Reached skill level 5 in Stealth
 10662 | D:8      | Reached skill level 5 in Unarmed Combat
 10662 | D:8      | Reached skill level 5 in Spellcasting
 10662 | D:8      | Reached skill level 5 in Evocations
 10849 | D:9      | Noticed a two-headed ogre
 11574 | D:8      | Killed a two-headed ogre
 11996 | D:9      | Noticed a deep elf mage
 12027 | D:9      | Killed a deep elf mage
 12484 | Lair:1   | Entered Level 1 of the Lair of Beasts
 12524 | Lair:1   | Noticed a black mamba
 12536 | Lair:1   | Killed a black mamba
 12540 | Lair:1   | Reached XP level 11. HP: 30/87 MP: 19/19
 12596 | Orc:1    | Entered Level 1 of the Orcish Mines
 12847 | Orc:1    | Noticed a two-headed ogre
 13099 | Orc:1    | Killed a two-headed ogre
 13288 | Orc:1    | Noticed Erica
 13308 | Orc:1    | Killed Erica
 13670 | Orc:2    | Entered Level 2 of the Orcish Mines
 13670 | Orc:2    | Found Defiuluo's Jewellery Emporium.
 13670 | Orc:2    | Noticed an orc warlord
 13670 | Orc:2    | Noticed an orc high priest
 13670 | Orc:2    | Noticed an orc knight
 13767 | Orc:2    | Noticed an orc sorcerer
 13767 | Orc:2    | Noticed an orc sorcerer
 13775 | Orc:1    | Annihilated by an orc warlord

Vault maps used:
D:1:      minmay_arrival_four_loops, minmay_misc_feat_tower,
          minmay_statues_item, corexii_hall_statues_i
D:2:      first_bread
D:3:      kennysheep_jessica_study
D:4:      marbit_many_paths, serial_shops, kennysheep_little_box
D:5:      cheibrodos_sewer_entry_sluice
D:6:      minmay_temple_entry_enclosed_plants
D:7:      uniq_menkaure
D:8:      david_lair_shrubbed, kennysheep_path_1
D:9:      david_orc_3
Temple:   compressed_dpeg_triangle_lava_temple
Lair:1:   infiniplex_staircase_pool
Orc:1:    basic_altar, uniq_erica, uniq_josephine
Orc:2:    grunt_orc_gardens, grunt_orc_garden, grunt_orc_garden,
          grunt_orc_garden, grunt_orc_garden, nicolae_orc_damp_corner,
          uniq_erolcha
Sewer:    sewer_co_15_rooms

Skill      XL: |  1  2  3  4  5  6  7  8  9 10 11 |
---------------+----------------------------------+-----
Invocations    | 1 2 3 4 5 6 |  6.5
Short Blades   | 1 2 3 4 5 6 |  6.0
Long Blades    | 1 2 3 4 5 6 |  6.0
Maces & Flails | 1 2 3 4 5 6 |  6.0
Polearms       | 1 2 3 4 5 6 |  6.0
Staves         | 1 2 3 4 5 6 |  6.0
Slings         | 1 2 3 4 5 6 |  6.0
Bows           | 1 2 3 4 5 6 |  6.0
Crossbows      | 1 2 3 4 5 6 |  6.0
Throwing       | 1 2 3 4 5 6 |  6.0
Dodging        | 1 2 3 4 5 6 |  6.0
Stealth        | 1 2 3 4 5 6 |  6.0
Unarmed Combat | 1 2 3 4 5 6 |  6.0
Spellcasting   | 1 2 3 4 5 6 |  6.0
Evocations     | 1 2 3 4 5 6 |  6.0
Conjurations   | 1 2 3 4 |  4.9
Hexes          | 1 2 3 4 |  4.9
Charms         | 1 2 3 4 |  4.9
Summonings     | 1 2 3 4 |  4.9
Necromancy     | 1 2 3 4 |  4.9
Translocations | 1 2 3 4 |  4.9
Transmutations | 1 2 3 4 |  4.9
Fire Magic     | 1 2 3 4 |  4.9
Ice Magic      | 1 2 3 4 |  4.9
Air Magic      | 1 2 3 4 |  4.9
Earth Magic    | 1 2 3 4 |  4.9
Poison Magic   | 1 2 3 4 |  4.9
Axes           | 5 6 7 |  7.6
Fighting       | 7 8 9 |  9.0
Armour         | 7 8 9 |  9.0
Shields        | 7 8 9 |  9.0

Action                   |  1- 3 |  4- 6 |  7- 9 | 10-12 || total
-------------------------+-------+-------+-------+-------++-------
Melee: War axe           |    83 |   170 |    70 |       ||   323
       Bite              |     6 |    19 |    66 |    41 ||   132
       Flail             |       |       |   360 |   273 ||   633
       Morningstar       |       |       |     8 |       ||     8
       Whip              |       |       |    21 |       ||    21
 Fire: Shortbow          |       |       |    14 |       ||    14
Invok: Sacrifice Purity  |       |       |     1 |       ||     1
  Use: Scroll            |       |       |     8 |     2 ||    10
       Potion            |       |       |     6 |     1 ||     7
  Eat: Bread ration      |     1 |       |       |       ||     1
       Chunk             |       |     5 |    15 |     6 ||    26
       Fruit             |       |       |     3 |       ||     3
       Meat ration       |       |       |     1 |     1 ||     2
       Royal jelly       |       |       |     1 |       ||     1
Armor: Scale mail        |    21 |    69 |    41 |       ||   131
       Chain mail        |       |       |   202 |   127 ||   329
       Skin              |       |       |     8 |       ||     8
Dodge: Dodged            |    14 |    42 |   158 |   109 ||   323
Block: Shield            |    49 |    91 |   292 |   195 ||   627

Table legend:
 A = Spawn XP
 B = Non-spawn XP
 C = Spawn XP percentage of total XP
 D = Spawn monster count
 E = Non-spawn monster count
 F = Spawn count percentage of total count
 G = Total turns spent on level
                    A         B        C        D         E        F      G
               +---------+---------+-------+---------+---------+-------+---------
         Total |       0 |   11389 |   0.0 |       0 |     204 |   0.0 | 13775
               +---------+---------+-------+---------+---------+-------+---------
           D:1 |       0 |      25 |   0.0 |       0 |      14 |   0.0 |   750
           D:2 |       0 |      31 |   0.0 |       0 |      17 |   0.0 |   877
           D:3 |       0 |     213 |   0.0 |       0 |      17 |   0.0 |  1057
           D:4 |       0 |     291 |   0.0 |       0 |      11 |   0.0 |  1441
           D:5 |       0 |     326 |   0.0 |       0 |      25 |   0.0 |   755
           D:6 |       0 |      10 |   0.0 |       0 |       4 |   0.0 |   836
           D:7 |       0 |     998 |   0.0 |       0 |      32 |   0.0 |  1989
           D:8 |       0 |    4295 |   0.0 |       0 |      22 |   0.0 |  2949
           D:9 |       0 |    2192 |   0.0 |       0 |      39 |   0.0 |  1841
        Lair:1 |       0 |     675 |   0.0 |       0 |       3 |   0.0 |    77
         Orc:1 |       0 |    2082 |   0.0 |       0 |       4 |   0.0 |   732
         Sewer |       0 |     251 |   0.0 |       0 |      16 |   0.0 |   446
               +---------+---------+-------+---------+---------+-------+---------
